 Dungeon Crawl Stone Soup version 0.32-a0-350-g4f4d228785 (webtiles) character file.

Game seed: 5167380747573217192

858 Azoth the Skirmisher (level 8, -7/76 HPs)
             Began as a Kobold Hunter on Feb 17, 2024.
             Was a Follower of Dithmenos.
             Mangled by Maggie the swamp drake (10 damage)
             ... on level 6 of the Dungeon.
             The game lasted 00:06:25 (5377 turns).

Azoth the Skirmisher (Kobold Hunter)                Turns: 5377, Time: 00:06:25

Health: -7/76      AC: 24    Str:  7 (8)  XL:     8   Next: 22%
Magic:  8/8        EV:  3    Int:  9 (10) God:    Dithmenos [*.....]
Gold:   343        SH:  0    Dex: 18 (21) Spells: 7/7 levels left

rFire   . . .        a - +1 shortbow (freeze)
rCold   . . .        (shield currently unavailable)
rNeg    . . .        g - melded +0 ring mail
rPois   +            (helmet currently unavailable)
rElec   .            (cloak currently unavailable)
rCorr   .            (gloves currently unavailable)
SInv    .            (boots currently unavailable)
Will    .....        (no amulet)
Stlth   ++           f - ring of flight
HPRegen 0.32/turn    (no ring)
MPRegen 0.11/turn

%: no passive effects
@: confused, lethally poisoned (-7 -> -8), tree-form, hasted, wreathed by umbra,
very quick
A: stationary, stasis, torment immunity, boosted hp, small, no large weapons,
nightstalker 3
a: Renounce Religion


You were on level 6 of the Dungeon.
You worshipped Dithmenos.
Dithmenos was aware of your devotion.
You were a tree.
You visited 1 branch of the dungeon, and saw 6 of its levels.

You collected 343 gold pieces.

Inventory:

Hand Weapons
 a - a +1 shortbow of freezing (weapon)
Armour
 c - a +0 leather armour
 g - a +0 ring mail (melded)
Jewellery
 f - a ring of flight (left branch)
Wands
 q - a wand of charming (3)
 t - a wand of polymorph (9)
 v - a wand of flame (11)
Scrolls
 b - a scroll of butterflies
 d - 3 scrolls of teleportation
 e - 5 scrolls of identify
 l - a scroll of noise {unknown}
 m - 2 scrolls of poison
 n - a scroll of torment
 o - 2 scrolls of fog {unknown}
 w - 2 scrolls of vulnerability {unknown}
Potions
 h - a potion of lignification
 i - 3 potions of magic
 j - 2 potions of might
 k - a potion of brilliance
 p - a potion of enlightenment


   Skills:
 * Level 5.8 Fighting
 + Level 10.1 Ranged Weapons
 + Level 1.4 Armour
 + Level 3.3 Dodging
 + Level 1.6 Stealth


You had 7 spell levels left.
You didn't know any spells.
Your spell library contained the following spells:

 Spells                   Type           Power      Damage    Failure   Level
 Mercury Vapours          Alch/Air       0%         N/A       52%         2
 Scorch                   Fire           0%         2d5       52%         2
 Mephitic Cloud           Conj/Alch/Air  0%         N/A       77%         3
 Stone Arrow              Conj/Erth      0%         3d7       77%         3
 Animate Armour           Summ/Erth      0%         N/A       99%         4
 Flame Wave               Conj/Fire      0%         2d4       99%         4
 Freezing Cloud           Conj/Ice/Air   0%         6-21      100%        5
 Summon Cactus Giant      Summ           0%         N/A       100%        6
 Haunt                    Necr/Summ      0%         N/A       100%        7
 Borgnjor's Revivificati  Necr           0%         N/A       100%        8
 Lehudib's Crystal Spear  Conj/Erth      0%         10d2      100%        8
 Death's Door             Necr           0%         N/A       100%        9


Dungeon Overview and Level Annotations

Branches:
Dungeon (6/15)
 Temple: D:4-7

Altars:
Dithmenos
Elyvilon
Fedhas
Wu Jian

Shops:
D:4 ?   D:5 [

Annotations:
D:6 Maggie


Innate Abilities, Weirdness & Mutations

You are a tree.
Your roots penetrate the ground, keeping you stationary.
You cannot be teleported.
You are immune to unholy pain and torment.
Your maximum health is greatly increased.
Your equipment is partially melded.
You are small and have problems with some larger weapons.
You are completely attuned to the shadows.


Message History

Maggie attacks as it pursues you! Maggie misses you.
You bump into the rock wall.
You bump into the rock wall.
Maggie barely misses you. Maggie misses you. Maggie attacks as it pursues you!
Maggie misses you.
There is a stone staircase leading up here.
It was a potion of degeneration.
There was something very wrong with that liquid.
You feel weakened.
You feel dopey.
You feel clumsy.
Unknown command.
You are too confused!
You clumsily bash Maggie but do no damage.
Maggie is lightly wounded.
You feel less confused. Maggie bites you!
* * * LOW HITPOINT WARNING * * *
You shoot an arrow. The arrow hits Maggie!
The arrow freezes Maggie.
Maggie is heavily wounded.
You hear a shout!
Maggie completely misses you.
An ufetubus comes into view.
You hear a shout!
You shoot an arrow. The arrow hits Maggie.
The arrow freezes Maggie.
Maggie is heavily wounded.
Maggie barely misses you.
You shoot an arrow. The arrow barely misses Maggie.
Maggie breathes poison at you.
The noxious blast engulfs you but does no damage.
You are poisoned.
You shoot an arrow. The arrow hits Maggie!
The arrow freezes Maggie.
Maggie is almost dead.
You are engulfed in noxious fumes.
You choke on the stench!
You are confused.
* * * LOW HITPOINT WARNING * * *
You feel sick.
The ufetubus is engulfed in noxious fumes.
The ufetubus appears confused.
You turn into a tree.
Your +0 ring mail melds into your body.
Your roots penetrate the ground.
You feel sick. Maggie bites you!
You die...

#...#
#...###.
#..........
#..........
##.###.....
#.###.....
#...°.°°..
#####k°...
#♣°#..
#°°5(#
##°#.# .#..
.#


You could see Maggie the swamp drake (catching breath) and an ufetubus
(confused).

Vanquished Creatures
  A phantom (D:5)
  A bullfrog (D:5)
  A scorpion (D:5)
  A howler monkey (D:5)
  2 hounds
  3 jellies
  Ijyb (D:5)
  2 sleepcaps
  An iguana (D:3)
  5 orc wizards
  3 adders
  2 ribbon worms
  2 dart slugs
  17 orcs
  9 ball pythons
  15 bats
  5 endoplasms
  2 giant cockroaches
  15 goblins
  8 hobgoblins
  6 jackals (D:3)
  2 quokkas (D:4)
  4 frilled lizards (D:1)
  7 kobolds
  3 rats
118 creatures vanquished.

Notes
Turn   | Place    | Note
-------+----------+-------------------------------------------
     0 | D:1      | Azoth the Kobold Hunter began the quest for the Orb.
     0 | D:1      | Reached XP level 1. HP: 12/12 MP: 1/1
    39 | D:1      | Reached XP level 2. HP: 16/17 MP: 2/2
   124 | D:1      | Reached skill level 6 in Ranged Weapons
   185 | D:1      | Reached XP level 3. HP: 21/21 MP: 3/3
   222 | D:1      | Found a faded altar of an unknown god.
   485 | D:1      | Reached XP level 4. HP: 27/27 MP: 4/4
  1577 | D:3      | Reached XP level 5. HP: 32/32 MP: 5/5
  1591 | D:3      | Reached skill level 7 in Ranged Weapons
  1949 | D:3      | Reached XP level 6. HP: 38/38 MP: 6/6
  2102 | D:3      | Reached skill level 1 in Armour
  2159 | D:3      | Found a white marble altar of Elyvilon.
  2804 | D:4      | Reached skill level 8 in Ranged Weapons
  2855 | D:4      | Found an ornate altar of the Wu Jian Council.
  2895 | D:4      | Reached XP level 7. HP: 44/44 MP: 7/7
  2900 | D:4      | Found a blossoming altar of Fedhas.
  2934 | D:4      | Found a shadowy altar of Dithmenos.
  3098 | D:4      | Became a worshipper of Dithmenos the Shadowed
  3186 | D:4      | Found Rumusudi's Magic Scroll Emporium.
  3778 | D:5      | Entered Level 5 of the Dungeon
  3778 | D:5      | Found Huumasan's Armour Shoppe.
  3781 | D:5      | Reached skill level 5 in Fighting
  3781 | D:5      | Reached skill level 9 in Ranged Weapons
  4212 | D:5      | Noticed Ijyb
  4222 | D:5      | Killed Ijyb
  4345 | D:5      | Reached XP level 8. HP: 7/50 MP: 8/8
  4656 | D:5      | Reached * piety under Dithmenos
  4790 | D:5      | Reached skill level 10 in Ranged Weapons
  5342 | D:6      | Noticed Maggie
  5347 | D:6      | Maggie changed into Maggie the swamp drake
  5347 | D:6      | Noticed Maggie
  5376 | D:6      | HP: 2/51 [poisoned by Maggie (noxious blast)]
  5377 | D:6      | Mangled by Maggie the swamp drake

Illustrated notes

Levels and vault maps discovered:
D:1:      minmay_arrival_stair_chambers, layout_basic,
          nicolae_ecumenical_snake_handling, minmay_door_square,
          amcnicky_mini_rare_corridor_liquid, minmay_box_of_dots
D:2:      layout_basic, serial_shops, shop
D:3:      cheibrodos_greedy_goblins, layout_basic,
          nicolae_overflow_hidden_temple
D:4:      layout_rooms, nzn_wu_jian_contemplation, kennysheep_mini,
          nicolae_dithmenos_shadow_blocks, serial_shops, shop_coins,
          serial_forest, infiniplex_forest_clump_medium,
          infiniplex_forest_zigzag_2, infiniplex_forest_straight_4,
          infiniplex_forest_straight_2, infiniplex_forest_lined_ring,
          infiniplex_forest_clump_double, infiniplex_forest_pool,
          infiniplex_forest_lined_2, infiniplex_forest_lined_room_2,
          hellmonk_no_cap
D:5:      layout_loops_corners, grunt_ministairs_12, roderic_batcave,
          nicolae_stop_n_shop_1, dk_noncrumbling_4, uniq_ijyb
D:6:      layout_loops_ring, gammafunk_temple_overflow_pools,
          minmay_temple_entry_waves, cheibrodos_sewer_entry_drain, uniq_maggie

Skill      XL: |  1  2  3  4  5  6  7  8 |
---------------+-------------------------+-----
Ranged Weapons | 6 7 8 9 10 | 10.1
Dodging        | 3 |  3.3
Fighting       | 3 4 5 |  5.8
Armour         | 1 |  1.4
Stealth        | |  1.6

Action                     |  1- 3 |  4- 6 |  7- 9 || total
---------------------------+-------+-------+-------++-------
  Melee: Shortbow          |       |       |     2 ||     2
   Fire: Shortbow          |    53 |   161 |   191 ||   405
  Evoke: Wand              |       |       |     4 ||     4
    Use: Scroll            |       |    13 |     2 ||    15
         Potion            |       |       |     4 ||     4
 Armour: Leather armour    |     3 |       |       ||     3
         Ring mail         |     8 |    63 |    61 ||   132
         Skin              |       |       |     1 ||     1
  Dodge: Dodged            |    28 |    98 |    52 ||   178

Table legend: (Time is in decaauts)
 A = Elapsed time spent in this place.
 B = Non-inter-level travel time spent in this place.
 C = Inter-level travel time spent in this place.
 D = Time resting spent in this place.
 E = Time spent auto-exploring this place.
 F = Levels seen in this place.
 G = Mean time per level.
                   A        B        C        D        E       F      G
               +--------+--------+--------+--------+--------+-----+--------+
         Total |   5435 |   5300 |    135 |    396 |   4106 |   6 |  905.8 |
       Dungeon |   5435 |   5300 |    135 |    396 |   4106 |   6 |  905.8 |
               +--------+--------+--------+--------+--------+-----+--------+

Top non-repeatable levels by time:
     D:5: 1561 daAuts
     D:3: 1261 daAuts
     D:4: 991 daAuts
     D:1: 901 daAuts
     D:2: 682 daAuts
     D:6: 38 daAuts
